 Dungeon Crawl Stone Soup version 0.26.1-11-gd32895ea62 (webtiles) character file.

Game seed: 18007157626711735799

383066 woolyfrog the Slayer (level 21, -3/191 (222) HPs)
             Began as a Minotaur Fighter on May 3, 2021.
             Was the Champion of Ru.
             Slain by a yaktaur captain (15 damage)
             ... on level 4 of the Vaults on May 4, 2021.
             The game lasted 02:55:25 (53187 turns).

woolyfrog the Slayer (Minotaur Fighter)            Turns: 53187, Time: 02:55:28

HP:   -3/191 (222)  AC: 39    Str: 32    XL:     21   Next: 94%
MP:   15/20         EV: 16    Int: 14    God:    Ru [******]
Gold: 2451          SH:  9    Dex: 23    Spells: 20/20 levels left

rFire    + + +     SeeInvis +   a - +9 mace of Peace {elec, Will++}
rCold    . . .     Faith    .   c - +0 buckler of the Gardener {rF++ Int+6}
rNeg     + + .     Spirit   .   j - +10 plate armour "Qagiry" {-Cast rN+ Str+4 Slay+6}
rPois    +         Reflect  .   w - +2 hat
rElec    .         Harm     .   W - +1 cloak of Agnosticism {rCorr}
rCorr    +         Rampage  .   p - +0 pair of gloves of Duck's Teeth {*Contam rCorr Int+3 Dex+10}
Will     ++++.     Rnd*Rage +   i - +2 pair of boots Stlth ..........NoCast +
                                P - amulet of Joteron {rPois rF+ Regen+}
HPRegen  0.81/turn              Q - ring of willpower
MPRegen  0.17/turn              J - ring "Bylascha" {rPois rN+}

@: mighty, exhausted, about to teleport, heavily drained
A: retaliatory headbutt, horns 2, thin skeletal structure 1, see invisible,
berserk 1, weak 1, no potion heal 2, inability to use devices, no earth magic,
no summoning magic, no transmutations magic, reduced EV 1, missing an eye
}: 2/15 runes: barnacled, gossamer
a: Renounce Religion, Draw Out Power, Power Leap, Apocalypse


You were on level 4 of the Vaults.
You worshipped Ru.
Ru was exalted by your worship.
You visited 8 branches of the dungeon, and saw 39 of its levels.
You also visited: Ossuary, Gauntlet and Wizlab.

You collected 4803 gold pieces.
You spent 2352 gold pieces at shops.

Inventory:

Hand Weapons
 a - the +9 mace of Peace (weapon) {elec, Will++}
   (You found it on level 4 of the Dungeon)

   Occasionally, upon striking a foe, it can discharge electrical energy and
   cause terrible harm.
   It affects your willpower, your defense against some magical effects.
 b - the +8 hand crossbow "Iraelirgh" {elec, rPois rF+}
   (You bought it in a shop on level 4 of the Shoals)

   It charges the ammunition it shoots with electricity; occasionally upon a
   hit, such missiles may discharge and cause terrible harm.
   It protects you from fire.
   It protects you from poison.
Missiles
 y - 1425 bolts
Armour
 c - the +0 buckler of the Gardener (worn) {rF++ Int+6}
   (You found it on level 3 of the Spider Nest)

   It affects your intelligence (+6).
   It greatly protects you from fire.
 i - a +2 pair of boots (worn)
 j - the +10 plate armour "Qagiry" (worn) {-Cast rN+ Str+4 Slay+6}
   (You found it on level 11 of the Dungeon)

   It affects your strength (+4).
   It affects your accuracy and damage with ranged weapons and melee attacks
   (+6).
   It protects you from negative energy.
   It prevents spellcasting.
 p - the +0 pair of gloves of Duck's Teeth (worn) {*Contam rCorr Int+3 Dex+10}
   (You bought it in a shop on level 4 of the Dungeon)

   It affects your intelligence (+3).
   It affects your dexterity (+10).
   It causes magical contamination when unequipped.
   It provides partial protection from all sources of acid and corrosion.
 w - a +2 hat (worn)
 W - the +1 cloak of Agnosticism (worn) {rCorr}
   (You found it in a wizard's laboratory)

   It provides partial protection from all sources of acid and corrosion.
Jewellery
 e - a +6 ring of dexterity
 k - an uncursed ring of protection from cold
 n - an uncursed ring of ice
 r - a +4 ring of evasion
 B - an uncursed ring of ice
 H - an uncursed ring of positive energy
 J - the ring "Bylascha" (right hand) {rPois rN+}
   (You bought it in a shop on level 4 of the Vaults)

   [ring of positive energy]

   It protects you from poison.
   It protects you from negative energy.
 P - the amulet of Joteron (around neck) {rPois rF+ Regen+}
   (You found it in a Gauntlet)

   [amulet of regeneration]

   It protects you from fire.
   It protects you from poison.
   It increases your rate of regeneration.
 Q - a ring of willpower (left hand)
Scrolls
 d - 4 scrolls of holy word
 f - 8 scrolls of blinking
 l - 7 scrolls of magic mapping
 m - 23 scrolls of remove curse
 x - 8 scrolls of amnesia
 A - a scroll of enchant armour
 E - 9 scrolls of fog
 G - 8 scrolls of identify
 K - 5 scrolls of fear
 M - 23 scrolls of teleportation
 R - 3 scrolls of enchant weapon
 T - a scroll of summoning
Potions
 g - 2 potions of resistance
 h - 16 potions of curing
 o - 7 potions of brilliance
 q - 7 potions of attraction
 s - 10 potions of heal wounds
 t - 2 potions of berserk rage
 u - 6 potions of flight
 v - 9 potions of lignification
 z - 6 potions of invisibility
 C - 4 potions of cancellation
 D - 3 potions of haste
 F - 3 potions of might
 I - 6 potions of magic
 L - 3 potions of ambrosia
 O - 4 potions of mutation


   Skills:
 * Level 26.7 Fighting
 - Level 8.1 Long Blades
 - Level 18.7 Maces & Flails
 - Level 10.0 Crossbows
 - Level 18.8 Armour
 - Level 15.7 Dodging
 - Level 15.0 Shields


You had 20 spell levels left.
You didn't know any spells.
Your spell library contained the following spells:

 Spells                   Type           Power        Failure   Level
 Corona                   Hex            0%           75%         1
 Magic Dart               Conj           0%           75%         1
 Blink                    Tloc           N/A          86%         2
 Corpse Rot               Necr/Air       N/A          86%         2
 Ensorcelled Hibernation  Hex/Ice        0%           86%         2
 Poisonous Vapours        Pois/Air       0%           86%         2
 Slow                     Hex            0%           86%         2
 Confusing Touch          Hex            0%           98%         3
 Conjure Flame            Conj/Fire      0%           98%         3
 Dazzling Flash           Conj/Hex       0%           98%         3
 Gell's Gravitas          Tloc           0%           98%         3
 Lesser Beckoning         Tloc           0%           98%         3
 Mephitic Cloud           Conj/Pois/Air  0%           98%         3
 Teleport Other           Tloc           0%           98%         3
 Tukima's Dance           Hex            0%           98%         3
 Animate Dead             Necr           0%           100%        4
 Olgreb's Toxic Radiance  Pois           0%           100%        4
 Passage of Golubria      Tloc           N/A          100%        4
 Fireball                 Conj/Fire      0%           100%        5
 Metabolic Englaciation   Hex/Ice        0%           100%        5
 Death Channel            Necr           0%           100%        6
 Freezing Cloud           Conj/Ice/Air   0%           100%        6
 Ozocubu's Refrigeration  Ice            0%           100%        6
 Simulacrum               Ice/Necr       0%           100%        6
 Starburst                Conj/Fire      0%           100%        6
 Ignition                 Fire           0%           100%        8
 Sting                    Tmut/Pois      Unusable     N/A         1
 Summon Small Mammal      Summ           Unusable     N/A         1
 Call Imp                 Summ           Unusable     N/A         2
 Passwall                 Tmut/Erth      Unusable     N/A         2
 Call Canine Familiar     Summ           Unusable     N/A         3
 Ignite Poison            Fire/Tmut/Pois Unusable     N/A         3
 Spider Form              Tmut/Pois      Unusable     N/A         3
 Stone Arrow              Conj/Erth      Unusable     N/A         3
 Summon Guardian Golem    Hex/Summ       Unusable     N/A         3
 Ice Form                 Ice/Tmut       Unusable     N/A         4
 Petrify                  Tmut/Erth      Unusable     N/A         4
 Summon Ice Beast         Ice/Summ       Unusable     N/A         4
 Summon Lightning Spire   Summ/Air       Unusable     N/A         4
 Borgnjor's Vile Clutch   Necr/Erth      Unusable     N/A         5
 Irradiate                Conj/Tmut      Unusable     N/A         5
 Summon Forest            Summ/Tloc      Unusable     N/A         5
 Summon Mana Viper        Hex/Summ       Unusable     N/A         5
 Eringya's Noxious Bog    Tmut/Pois      Unusable     N/A         6
 Hydra Form               Tmut           Unusable     N/A         6
 Shadow Creatures         Summ           Unusable     N/A         6
 Spellforged Servitor     Conj/Summ      Unusable     N/A         7
 Summon Hydra             Summ           Unusable     N/A         7

Dungeon Overview and Level Annotations

Branches:
Dungeon (15/15)            Temple (1/1) D:6            Lair (6/6) D:10
 Shoals (4/4) Lair:4       Spider (4/4) Lair:4        Slime (2/5) Lair:6
    Orc (2/2) D:10            Elf (0/3) Orc:2        Vaults (5/5) D:14
  Crypt (0/3) Vaults:3     Depths (0/5) D:15        Ossuary (visited)
 WizLab (visited)         Gauntlet (visited)

Altars:
Ashenzari
Cheibriados
Dithmenos
Elyvilon
Fedhas
Gozag
Hepliaklqana
Kikubaaqudgha
Makhleb
Nemelex Xobeh
Okawaru
Qazlal
Ru
Sif Muna
Trog
Uskayaw
Vehumet
Wu Jian
Xom
Yredelemnul
Zin
The Shining One
Beogh

Shops:
D:4 *   D:13 =   Orc:2 [=?}!   Shoals:3 }   Shoals:4 ?!(![   Vaults:2 :(?[
Vaults:4 =?((=

Annotations:
Vaults:5 Boris


Innate Abilities, Weirdness & Mutations

You reflexively headbutt those who attack you in melee.
You have a pair of horns on your head.
Potions are poor at restoring your health.
You cannot study or use magical devices.
You cannot study or cast Earth magic.
You cannot study or cast Summoning magic.
You cannot study or cast Transmutations magic.
You have somewhat slow reflexes. (EV -5)
You are missing an eye, making it more difficult to aim.
You have a somewhat thin skeletal structure. (Dex +2, Stealth)
You have supernaturally acute eyesight. (SInv)
You tend to lose your temper in combat.
You are weak. (Str -2)


Message History

You block the yaktaur captain's attack.
The sphinx begins to cast a spell, but is stunned by your conviction!
The vault guard hits you from afar with a +0 glaive.
* * * LOW HITPOINT WARNING * * *
A mysterious force pulls you upwards. The hatch slams shut behind you.
Okay, then.
As you read the scroll of teleportation, it crumbles to dust.
You feel strangely unstable.
The golden dragon closely misses you. x2
The golden dragon tramples you but does no damage.
The storm dragon bites you but does no damage.
The storm dragon claws you!
* * * LOW HITPOINT WARNING * * *
The storm dragon tramples you!
* * * LOW HITPOINT WARNING * * *
You hold your ground!
You redirect the deep elf high priest's attack!
The deep elf high priest hits you with a cursed +0 short sword.
* * * LOW HITPOINT WARNING * * *
The yaktaur captain hits you!
You die...

........# #.....# #............
........# #.....# ##.#...#...#.
.######## #.....# ####.###.###
()......# #.....# #...#...#
........# #.....# ##.....##
........# #.....############## #
....#...# #.....((.....# #######
...#.#..# #....eD(.....# #....#.
...)#...# #...c@.#)....# #...#..
........# #...CDH......# #..####
........# #.)!.[##.....# #.###..
'##'########.[#.####....# ##.#.#.
.....[..)))#)...####.#..###..#..#
.....)...))).....##.....##...+...
.....#######............###..#..#
.....#.....#.....#......# ##.#.#.
.....#.....#............# #.###..


You could see a golden dragon, a storm dragon, a fire giant (empowered, slow), a
sphinx (empowered), a yaktaur captain and a deep elf high priest.

Vanquished Creatures
  Mara (Spider:3)
  Xtahua (Vaults:4)
  Margery (Vaults:3)
  Frederick (Vaults:3)
  Jory (Vaults:4)
  A Hellbinder (WizLab)
  Jorgrun (Orc:1)
  Arachne (Spider:3)
  2 tentacled monstrosities
  4 acid blobs
  Polyphemus (Shoals:2)
  3 sphinxes
  Kirke (Spider:2)
  Frances (D:12)
  A shadow dragon (Vaults:5)
  A kraken (Shoals:4)
  Gastronok (D:11)
  Donald (Shoals:1)
  A tengu reaver (Vaults:2)
  2 frost giants
  Ilsuiw (Shoals:2)
  2 azure jellies (Slime:1)
  5 ghost moths
  A ghoul (Vaults:4)
  2 cacodemons (WizLab)
  A black sun (WizLab)
  12 vault wardens
  4 emperor scorpions
  Louise (Shoals:2)
  3 very ugly things (Vaults:4)
  16 ironheart preservers
  6 stone giants
  3 deep elf demonologists
  A vampire knight (Vaults:3)
  2 deep elf annihilators
  A minotaur (Gauntlet)
  A lorocyproca (WizLab)
  4 spark wasps
  Nessos (Orc:2)
  A bunyip (shapeshifter) (Vaults:1)
  2 entropy weavers (Spider:1)
  Snorg (Orc:1)
  5 merfolk javelineers
  A green death (WizLab)
  3 ettins
  3 fire dragons
  2 deep elf death magi
  A deep elf high priest (Vaults:5)
  Josephine (Lair:5)
  The ghost of Uvaiwk the Unseen, a journeyman OpMo of Dithmenos (Lair:3)
  7 merfolk impalers
  6 great orbs of eyes
  9 ogre magi
  Erolcha (Orc:2)
  12 yaktaur captains
  4 ice dragons
  27 vault guards
  A rakshasa (Vaults:2)
  9 boulder beetles
  Fannar (D:12)
  3 catoblepae
  6 hydras
  4 merfolk avatars
  7 merfolk aquamancers
  7 centaur warriors
  29 two-headed ogres
  2 alligator snapping turtles (Shoals:4)
  A deep troll shaman (Lair:6)
  25 death yaks
  2 satyrs (Shoals:4)
  The ghost of KoboldVaak the Merchant of Misery, a journeyman KoNe of Kikubaaqudgha (D:10)
  2 death knights
  An orc high priest (Orc:1)
  6 deep elf knights
  2 sun demons (WizLab)
  Sonja (Lair:4)
  3 fire crabs
  2 sixfirhies (WizLab)
  2 shadow wraiths
  9 skeletal warriors
  3 hell knights (Vaults:3)
  9 deep trolls (Vaults:4)
  A shadow demon (WizLab)
  3 unseen horrors
  11 sea snakes
  A glowing orange brain (Vaults:3)
  A wizard (Vaults:3)
  2 flayed ghosts (Vaults:4)
  24 harpies
  3 phantasmal warriors
  5 deep elf archers
  10 deep elf magi
  13 ironbrand convokers
  4 necromancers (Vaults:3)
  3 orc sorcerers
  24 wolf spiders
  18 manticores
  21 orb spiders
  16 orc knights
  8 fauns
  A shining eye (Slime:1)
  26 ugly things
  11 cyclopes
  7 elephants (Lair:6)
  3 moths of wrath
  15 merfolk sirens
  6 black mambas
  5 water nymphs
  4 rust devils (WizLab)
  A smoke demon (WizLab)
  15 vault sentinels
  2 torpor snails
  16 cane toads
  A cane toad (shapeshifter) (Vaults:4)
  A kobold demonologist (D:7)
  An eye of devastation (Slime:2)
  3 hellions (WizLab)
  6 freezing wraiths
  2 rime drakes
  12 komodo dragons
  4 centaur skeletons
  30 yaktaurs
  11 demonic crawlers
  2 ice devils (WizLab)
  A tormentor (WizLab)
  2 efreet (D:15)
  A komodo dragon (shapeshifter) (D:13)
  28 jumping spiders
  2 red devils (WizLab)
  A merfolk (shapeshifter) (Vaults:1)
  A jumping spider (shapeshifter) (Vaults:2)
  36 merfolk
  A meliai (shapeshifter) (D:15)
  6 polar bears
  9 wind drakes
  9 hornets
  5 trolls
  A raiju (shapeshifter) (Vaults:1)
  5 snapping turtles
  12 blink frogs
  A human simulacrum (Vaults:1)
  3 large abominations (Gauntlet)
  15 dream sheep
  67 slime creatures
  64 redbacks
  A frost giant simulacrum (Vaults:1)
  4 centaur simulacra
  2 meliai zombies
  A vampire (D:10)
  2 shadows
  31 tarantellas
  4 wraiths
  A tarantella (shapeshifter) (Vaults:2)
  2 ynoxinuls (WizLab)
  10 water elementals
  4 wyverns
  2 hogs (Spider:3)
  2 fire bats (Shoals:1)
  34 yaks
  5 small abominations (Gauntlet)
  A steam dragon (D:12)
  A basilisk (shapeshifter) (Vaults:2)
  9 basilisks
  4 golden eyes (Slime:1)
  4 neqoxecs (WizLab)
  A swamp worm (Gauntlet)
  A soldier ant (D:14)
  3 wargs
  13 water moccasins
  A black bear (shapeshifter) (Vaults:1)
  42 orc warriors
  An ice beast (D:11)
  5 sky beasts
  4 black bears
  3 eyes of draining (Slime:1)
  A phantom (D:10)
  5 boggarts (D:15)
  15 wolves
  22 centaurs
  30 ogres
  A wyvern zombie (D:11)
  24 bullfrogs
  A cane toad simulacrum (Gauntlet)
  A deep troll simulacrum (Vaults:2)
  3 wyvern skeletons
  A water moccasin zombie (Ossuary)
  4 scorpions
  2 vampire bats (Lair:2)
  13 killer bees
  17 wights
  6 howler monkeys
  A wyvern simulacrum (D:14)
  6 hounds
  8 jellies
  5 centaur zombies
  2 bullfrog zombies (D:13)
  3 bullfrog skeletons
  A gnoll shaman (D:9)
  10 orc priests
  2 iguanas
  21 orc wizards
  5 hell rats (Lair:6)
  7 worker ants
  4 big kobold zombies (Ossuary)
  3 hound skeletons
  3 mummies
  4 worker ant zombies
  3 gnolls (D:9)
  16 adders
  A shadow imp (D:10)
  A white imp (D:4)
  4 oozes
  4 adder skeletons
  4 adder zombies
  3 worms (D:2)
  A dart slug (D:3)
  2 leopard geckos
  83 orcs
  4 giant cockroaches
  2 gnoll zombies (Ossuary)
  9 goblins
  6 hobgoblins
  4 jackals (D:2)
  2 quokkas (D:3)
  2 ball pythons
  11 bats
  4 frilled lizards
  6 hobgoblin zombies (Ossuary)
  A jackal skeleton (D:3)
  9 kobolds
  3 kobold zombies (Ossuary)
  7 orc zombies (Ossuary)
  4 rats
1567 creatures vanquished.

Vanquished Creatures (collateral kills)
  A red devil (WizLab)
1 creature vanquished.

Vanquished Creatures (others)
  An emperor scorpion (Spider:1)
  An entropy weaver (Vaults:2)
  A merfolk javelineer (Shoals:4)
  An ogre mage (Vaults:3)
  2 two-headed ogres
  2 harpies
  An ugly thing (Vaults:4)
  A wolf spider (Spider:3)
  An elephant (Lair:6)
  A merfolk siren (Shoals:4)
  2 cane toads
  A hellion (WizLab)
  2 slime creatures
  A dream sheep (Lair:6)
  A redback (Spider:2)
  A hog (Spider:2)
  A swamp worm (Gauntlet)
  A bullfrog (D:13)
  A wight (D:13)
  5 orcs
  18 fungi
  77 plants
  12 tentacles (Shoals:4)
  15 withered plants
150 creatures vanquished.

Grand Total: 1718 creatures vanquished

Notes
Turn   | Place    | Note
-------+----------+-------------------------------------------
     0 | D:1      | woolyfrog the Minotaur Fighter began the quest for the Orb.
     0 | D:1      | Reached XP level 1. HP: 19/19 MP: 0/0
   502 | D:1      | Reached XP level 2. HP: 26/26 MP: 1/1
   878 | D:2      | Reached XP level 3. HP: 29/31 MP: 2/2
  1106 | D:2      | Reached skill level 5 in Long Blades
  1473 | D:2      | Reached XP level 4. HP: 39/39 MP: 3/3
  1869 | D:3      | Reached XP level 5. HP: 45/45 MP: 4/4
  1955 | D:3      | Found a bloodstained altar of Trog.
  2338 | D:4      | Found Piatrail's Assorted Antiques.
  2341 | D:4      | Bought a pair of dazzling gloves for 228 gold pieces
  2351 | D:4      | Identified the +0 pair of gloves of Duck's Teeth {*Contam
                  | rCorr Int+3 Dex+10} (You bought it in a shop on level 4 of
                  | the Dungeon)
  2743 | D:4      | Reached XP level 6. HP: 33/51 MP: 5/5
  2871 | D:4      | Got a transparent mace
  2872 | D:4      | Identified the +9 mace of Peace {elec, Will++} (You found
                  | it on level 4 of the Dungeon)
  2919 | D:4      | Reached skill level 1 in Maces & Flails
  3469 | D:5      | Entered Level 5 of the Dungeon
  3818 | D:6      | Reached XP level 7. HP: 55/57 MP: 6/6
  3898 | D:6      | Found a staircase to the Ecumenical Temple.
  3907 | Temple   | Entered the Ecumenical Temple
  4109 | D:6      | Reached skill level 5 in Maces & Flails
  4428 | D:6      | Found a basalt altar of Yredelemnul.
  4428 | D:6      | Found a sacrificial altar of Ru.
  4428 | D:6      | Found an ornate altar of the Wu Jian Council.
  4428 | D:6      | Found a sparkling altar of Nemelex Xobeh.
  4433 | D:6      | Became a worshipper of Ru the Awakened
  4445 | D:6      | Found a shimmering blue altar of Sif Muna.
  4450 | D:6      | Found a hide-covered altar of Uskayaw.
  5142 | D:7      | Noticed a kobold demonologist
  5328 | D:7      | Reached XP level 8. HP: 64/64 MP: 7/7
  5983 | D:7      | Noticed a sixfirhy
  5985 | D:7      | Killed a kobold demonologist
  6092 | D:7      | Found an iron altar of Okawaru.
  6096 | D:7      | Gained mutation: You have somewhat slow reflexes. (EV -5)
                  | [Ru sacrifice]
  6096 | D:7      | Reached * piety under Ru
  6401 | D:8      | Found a sand-covered staircase.
  6409 | Ossuary  | Entered an ossuary
  6427 | Ossuary  | Reached skill level 10 in Maces & Flails
  6977 | D:8      | Reached XP level 9. HP: 60/70 MP: 8/8
  7667 | D:9      | You fall into a shaft and drop 3 floors!
  7673 | D:12     | Noticed Frances
  7673 | D:12     | Noticed a cyclops
  7879 | D:11     | Noticed a cyclops
  7890 | D:11     | Killed a cyclops
  7894 | D:11     | Got an ancient plate armour
  7905 | D:11     | Identified the +10 plate armour "Qagiry" {-Cast rN+ Str+4
                  | Slay+6} (You found it on level 11 of the Dungeon)
  7909 | D:10     | Entered Level 10 of the Dungeon
  7966 | D:10     | Found a staircase to the Lair.
  8010 | D:10     | Reached skill level 5 in Shields
  8028 | D:10     | Gained mutation: You cannot study or cast Earth magic. [Ru
                  | sacrifice]
  8028 | D:10     | Gained mutation: You cannot study or cast Transmutations
                  | magic. [Ru sacrifice]
  8028 | D:10     | Gained mutation: You cannot study or cast Summoning magic.
                  | [Ru sacrifice]
  8028 | D:10     | Reached ** piety under Ru
  8122 | D:10     | Reached XP level 10. HP: 77/77 MP: 9/9
  8698 | D:9      | Found a burning altar of Makhleb.
  8984 | D:10     | Found a runed translucent door.
  8987 | D:10     | Noticed KoboldVaak's ghost (journeyman KoNe)
  8994 | D:10     | Killed KoboldVaak's ghost
  8995 | D:10     | Reached skill level 10 in Shields
  9315 | D:10     | Found a transporter.
  9317 | D:10     | Noticed a cyclops
  9317 | D:10     | Noticed a cyclops
  9318 | D:10     | Noticed a green ugly thing
  9320 | D:10     | Noticed a sphinx
  9320 | D:10     | Noticed a fire crab
  9331 | D:10     | Found a transporter.
  9584 | D:10     | Gained mutation: You tend to lose your temper in combat.
                  | [mutagenic glow]
  9683 | D:10     | Gained mutation: You are missing an eye, making it more
                  | difficult to aim. [Ru sacrifice]
  9683 | D:10     | Reached *** piety under Ru
  9770 | D:10     | Noticed an unseen horror
  9771 | D:10     | Killed an unseen horror
  9772 | D:10     | Reached XP level 11. HP: 71/82 MP: 10/10
 10046 | D:10     | Found a staircase to the Orcish Mines.
 10098 | D:10     | Gained mutation: You have a somewhat thin skeletal
                  | structure. (Dex +2, Stealth) [potion of mutation]
 10098 | D:10     | Gained mutation: You have supernaturally acute eyesight.
                  | (SInv) [potion of mutation]
 10123 | D:10     | Killed a fire crab
 10127 | D:10     | Killed a green ugly thing
 10324 | D:10     | Reached XP level 12. HP: 90/90 MP: 11/11
 10339 | D:10     | Killed a sphinx
 10705 | Lair:1   | Entered Level 1 of the Lair of Beasts
 11060 | Lair:1   | Reached skill level 15 in Shields
 11063 | Lair:1   | Reached skill level 4 in Fighting
 11686 | Lair:2   | Noticed a five-headed hydra
 11701 | Lair:1   | Reached skill level 5 in Fighting
 11761 | Lair:1   | Killed a five-headed hydra
 11762 | Lair:1   | Reached skill level 6 in Fighting
 11912 | Lair:2   | Reached skill level 7 in Fighting
 11922 | Lair:2   | Got a steaming ring mail
 11933 | Lair:2   | Identified the +3 ring mail "Rurhoz" {rElec rPois Str-3
                  | Int+5} (You found it on level 2 of the Lair of Beasts)
 12059 | Lair:2   | Reached skill level 8 in Fighting
 12208 | Lair:2   | Reached skill level 9 in Fighting
 12208 | Lair:2   | Reached XP level 13. HP: 100/111 MP: 12/12
 12228 | Lair:2   | Gained mutation: You cannot study or use magical devices.
                  | [Ru sacrifice]
 12228 | Lair:2   | Reached **** piety under Ru
 12228 | Lair:2   | Reached ***** piety under Ru
 12822 | Lair:3   | Reached skill level 10 in Fighting
 13004 | Lair:3   | Reached skill level 11 in Fighting
 13147 | Lair:3   | Found a runed translucent door.
 13152 | Lair:3   | Noticed Uvaiwk's ghost (journeyman OpMo)
 13177 | Lair:3   | Killed Uvaiwk's ghost
 13909 | Lair:4   | Reached skill level 12 in Fighting
 13917 | Lair:4   | Found a staircase to the Shoals.
 14066 | Lair:4   | Found a burning altar of Makhleb.
 14312 | Lair:4   | Found a hole to the Spider Nest.
 14324 | Lair:4   | Reached skill level 13 in Fighting
 14340 | Lair:4   | Gained mutation: Potions are less effective at restoring
                  | your health. [Ru sacrifice]
 14441 | Lair:4   | Reached skill level 1 in Dodging
 14534 | Lair:4   | Noticed Sonja
 14542 | Lair:4   | Killed Sonja
 14971 | Lair:5   | Noticed Josephine
 14980 | Lair:5   | Killed Josephine
 15236 | Lair:5   | Reached skill level 5 in Dodging
 15880 | Lair:5   | Identified a scroll of acquirement
 15880 | Lair:5   | Acquired an uncursed amulet of the acrobat
 15959 | Lair:5   | You fall into a shaft and drop 1 floor!
 15959 | Lair:6   | Entered Level 6 of the Lair of Beasts
 15979 | Lair:6   | Reached XP level 14. HP: 115/129 MP: 13/13
 16220 | Lair:6   | Found a staircase to the Slime Pits.
 16349 | Lair:6   | Gained mutation: Potions are poor at restoring your health.
                  | [Ru sacrifice]
 16349 | Lair:6   | Reached ****** piety under Ru
 16367 | Lair:6   | Reached skill level 10 in Dodging
 17936 | Spider:1 | Entered Level 1 of the Spider Nest
 18079 | Spider:1 | Found a roughly hewn altar of Beogh.
 18329 | Spider:1 | Reached XP level 15. HP: 135/135 MP: 14/14
 18663 | Spider:1 | Got a warped rapier
 18664 | Spider:1 | Identified the +10 rapier of Viffod {drain, rF+ Dex-2
                  | Stlth+} (You found it on level 1 of the Spider Nest)
 19115 | Spider:2 | Noticed a ghost moth
 19125 | Spider:2 | Killed a ghost moth
 19405 | Spider:2 | Reached skill level 15 in Armour
 20804 | Spider:3 | Noticed Kirke
 21238 | Spider:2 | Killed Kirke
 21261 | Spider:3 | Noticed Arachne
 21288 | Spider:3 | Killed Arachne
 21289 | Spider:3 | Reached skill level 14 in Fighting
 22148 | Spider:3 | Got a bloodstained buckler
 22159 | Spider:3 | Identified the +0 buckler of the Gardener {rF++ Int+6} (You
                  | found it on level 3 of the Spider Nest)
 22687 | Spider:4 | Entered Level 4 of the Spider Nest
 22766 | Spider:4 | Reached skill level 15 in Fighting
 23103 | Spider:4 | Reached XP level 16. HP: 149/149 MP: 15/15
 23171 | Spider:4 | Reached skill level 16 in Fighting
 23275 | Spider:3 | Noticed Mara
 23287 | Spider:3 | Noticed woolyfrog's illusion
 23299 | Spider:3 | Noticed woolyfrog's illusion
 23307 | Spider:3 | Killed Mara
 23579 | Spider:4 | Reached skill level 17 in Fighting
 23793 | Spider:4 | Reached skill level 18 in Fighting
 23812 | Spider:4 | HP: 7/157 [poisoned by a ghost moth]
 24678 | Spider:4 | Got a gossamer rune of Zot
 25505 | D:4      | Bought a scroll labelled COILLEL CAITH for 24 gold pieces
 25831 | Slime:1  | Entered Level 1 of the Pits of Slime
 25841 | Slime:1  | Reached skill level 1 in Crossbows
 26113 | Slime:1  | Reached skill level 5 in Crossbows
 26623 | Slime:1  | Noticed an acid blob
 26635 | Slime:1  | Noticed an acid blob
 26670 | Slime:1  | Killed an acid blob
 26679 | Slime:1  | Killed an acid blob
 26967 | Slime:1  | Reached XP level 17. HP: 160/161 MP: 16/16
 28862 | Slime:2  | Noticed an acid blob
 28867 | Slime:2  | Killed an acid blob
 28904 | Slime:2  | Noticed an acid blob
 28919 | Slime:2  | Killed an acid blob
 30099 | Shoals:1 | Entered Level 1 of the Shoals
 30128 | Shoals:1 | Noticed Donald
 30151 | Shoals:1 | Killed Donald
 30265 | Shoals:1 | Reached skill level 10 in Crossbows
 31355 | Shoals:2 | Noticed Ilsuiw
 31397 | Shoals:2 | Killed Ilsuiw
 31549 | Shoals:2 | Noticed Louise
 31635 | Shoals:2 | Killed Louise
 31761 | Shoals:2 | Noticed Polyphemus
 31781 | Shoals:2 | Killed Polyphemus
 34917 | Shoals:3 | Found Qeuq's Gadget Shop.
 35599 | Shoals:4 | Entered Level 4 of the Shoals
 35599 | Shoals:4 | Found Zaut's Armour Shoppe.
 35601 | Shoals:4 | Found Adubomn's Antique Weapon Shop.
 35695 | Shoals:4 | Bought an iridescent hand crossbow for 272 gold pieces
 35695 | Shoals:4 | Bought a fine flail for 272 gold pieces
 35695 | Shoals:4 | Identified the +7 flail "Rycing" {vamp, +Rage} (You bought
                  | it in a shop on level 4 of the Shoals)
 35698 | Shoals:4 | Identified the +8 hand crossbow "Iraelirgh" {elec, rPois
                  | rF+} (You bought it in a shop on level 4 of the Shoals)
 35902 | Shoals:4 | Got a pitted shortbow
 35923 | Shoals:4 | Reached XP level 18. HP: 173/173 MP: 17/17
 35932 | Shoals:4 | Identified Epray's Compendium of Enchanting Shape Shifting
 36417 | Shoals:4 | Reached skill level 15 in Maces & Flails
 36577 | Shoals:4 | Got a barnacled rune of Zot
 36616 | Shoals:4 | Found a shimmering altar of Xom.
 37008 | Shoals:4 | Found Teop's Distillery.
 37065 | Shoals:4 | Found Pugoaw's Distillery.
 37076 | Shoals:4 | Bought a potion of mutation for 120 gold pieces
 37229 | Shoals:4 | Bought a potion of mutation for 168 gold pieces
 37399 | Shoals:4 | Found Nuifac's Magic Scroll Shoppe.
 37939 | Orc:1    | Entered Level 1 of the Orcish Mines
 37959 | Orc:1    | Noticed Snorg
 37961 | Orc:1    | Noticed Jorgrun
 38617 | Orc:1    | Killed Jorgrun
 38630 | Orc:1    | Killed Snorg
 38683 | Orc:1    | Found a roughly hewn altar of Beogh.
 38985 | Orc:2    | Entered Level 2 of the Orcish Mines
 39037 | Orc:2    | Found Ynimok's Gadget Boutique.
 39037 | Orc:2    | Found Gamaub Lyir's Magic Scroll Shoppe.
 39041 | Orc:2    | Found Achetit's Jewellery Emporium.
 39046 | Orc:2    | Found Zocro's Distillery.
 39067 | Orc:2    | Noticed Nessos
 39082 | Orc:2    | Killed Nessos
 39088 | Orc:2    | Noticed Erolcha
 39097 | Orc:2    | Killed Erolcha
 39106 | Orc:2    | Found a gate leading to a gauntlet.
 39115 | Gauntlet | Entered a Gauntlet
 39115 | Gauntlet | Found a transporter.
 39115 | Gauntlet | Found a transporter.
 39115 | Gauntlet | Found a transporter.
 39281 | Gauntlet | Found a transporter.
 39284 | Gauntlet | Found a transporter.
 39295 | Gauntlet | Found a transporter.
 39303 | Gauntlet | Found a transporter.
 39321 | Gauntlet | Found a transporter.
 39326 | Gauntlet | Found a transporter.
 39326 | Gauntlet | Found a transporter.
 39340 | Gauntlet | Found a transporter.
 39355 | Gauntlet | Found a transporter.
 39569 | Gauntlet | Got an ancient sapphire amulet
 39580 | Gauntlet | Identified the amulet of Joteron {rPois rF+ Regen+} (You
                  | found it in a Gauntlet)
 39748 | Gauntlet | Got a steaming bone ring
 39752 | Orc:2    | Identified the ring "Unlimu" {*Tele SInv} (You found it in
                  | a Gauntlet)
 39991 | Orc:2    | Found Loopeisun's Antique Armour Shoppe.
 40384 | Orc:2    | Found a staircase to the Elven Halls.
 40814 | D:11     | Noticed Gastronok
 40826 | D:11     | Killed Gastronok
 41808 | D:12     | Noticed Fannar
 41815 | D:12     | Killed Fannar
 42024 | D:12     | Killed Frances
 42196 | D:13     | Found a shimmering altar of Xom.
 42294 | D:13     | Found Gagraq's Jewellery Shoppe.
 43081 | D:14     | Found a gate to the Vaults.
 43710 | D:15     | Entered Level 15 of the Dungeon
 43969 | D:15     | Reached XP level 19. HP: 171/180 MP: 18/18
 44548 | D:15     | Found a staircase to the Depths.
 45064 | Vaults:1 | Entered Level 1 of the Vaults
 45480 | Vaults:1 | Reached skill level 15 in Dodging
 46118 | Vaults:1 | Reached skill level 19 in Fighting
 46936 | Spider:1 | Got an ancient falchion
 46937 | Spider:1 | Identified the +7 falchion of True Grit {flame, rElec SInv
                  | Stlth+} (You found it on level 1 of the Spider Nest)
 47332 | Vaults:2 | Reached skill level 20 in Fighting
 47906 | Vaults:2 | Reached XP level 20. HP: 185/185 MP: 19/19
 47934 | Vaults:2 | Reached skill level 21 in Fighting
 48037 | Vaults:2 | Found Dibisch's Magic Scroll Shoppe.
 48046 | Vaults:2 | Bought a scroll of acquirement for 832 gold pieces
 48046 | Vaults:2 | Acquired 700 gold pieces
 48467 | Vaults:2 | Reached skill level 22 in Fighting
 48553 | Vaults:2 | Found Kympip's Armour Shoppe.
 48618 | Vaults:2 | Found Kack's Weapon Shop.
 48624 | Vaults:2 | Found Vonaohit's Book Boutique.
 48919 | Vaults:3 | Found a staircase to the Crypt.
 49105 | Vaults:3 | Found a magical portal.
 49114 | WizLab   | Entered The Hall of the Hellbinder
 49383 | WizLab   | Noticed Xiky
 49385 | WizLab   | Found a burning altar of Makhleb.
 49389 | WizLab   | Gained mutation: You are weak. (Str -2) [a neqoxec]
 49400 | WizLab   | Killed Xiky the Hellbinder
 49424 | WizLab   | Got a slimy cloak
 49435 | WizLab   | Identified the +1 cloak of Agnosticism {rCorr} (You found
                  | it in a wizard's laboratory)
 49540 | WizLab   | Identified the Incunabulum of the Wumpus
 49729 | Vaults:3 | Reached skill level 23 in Fighting
 50441 | Vaults:3 | Noticed Frederick
 50457 | Vaults:3 | Killed Frederick
 50512 | Vaults:3 | Noticed Margery
 50533 | Vaults:3 | Killed Margery
 50720 | Vaults:3 | Reached skill level 24 in Fighting
 51208 | Vaults:4 | Reached XP level 21. HP: 181/190 MP: 20/20
 51459 | Vaults:4 | Noticed Jory
 51480 | Vaults:4 | Killed Jory
 51653 | Vaults:4 | Found Apnus's Jewellery Shop.
 51657 | Vaults:4 | Bought the ring "Bylascha" {rPois rN+} for 436 gold pieces
 51828 | Vaults:4 | Noticed Xtahua
 51837 | Vaults:4 | Killed Xtahua
 51867 | Vaults:4 | Found Nekix's Magic Scroll Shop.
 51875 | Vaults:4 | Reached skill level 25 in Fighting
 51886 | Vaults:4 | Found Miecs's Antique Weapon Emporium.
 51888 | Vaults:4 | Found Xuulic's Antique Weapon Shoppe.
 52049 | Vaults:4 | Found Ashreplee's Jewellery Emporium.
 53012 | Vaults:5 | Entered Level 5 of the Vaults
 53012 | Vaults:5 | Noticed Boris
 53014 | Vaults:5 | Reached skill level 26 in Fighting
 53164 | Vaults:5 | Noticed a golden dragon
 53187 | Vaults:4 | Slain by a yaktaur captain

Illustrated notes

Levels and vault maps discovered:
D:1:      minmay_arrival_checkered_box, layout_basic
D:2:      layout_basic
D:3:      layout_loops_ring, serial_undead, serial_undead_f, serial_undead_c,
          serial_undead_a, serial_undead_a, serial_undead_f, serial_undead_a,
          serial_undead_f, serial_undead_b, trog_hazing_becter
D:4:      layout_layer_cave, serial_shops, kennysheep_mini, serial_bayou_lake_a
D:5:      layout_gridville
D:6:      layout_rooms, minmay_overflow_temple_hex,
          minmay_temple_entry_antechambers, serial_corexii_hall,
          corexii_hall_statues_s, corexii_hall_statues_i,
          chequers_hall_statues_corner_a, corexii_hall_statues_x
D:7:      layout_layer_cave, nicolae_overflow_hidden_temple, minmay_crystal_room
D:8:      layout_loops_corners, gup_ossuary_entry_pyramid
D:9:      layout_long_grid, lemuel_crystal_altar, st_stairs_1
D:10:     gammafunk_sealed_arena, layout_long_grid, lair_entry_dummy,
          hiddenorc1_lemuel, ebering_ghost_reflecting_pool
D:11:     layout_roguey, uniq_gastronok
D:12:     layout_loops_corners, uniq_fannar, uniq_frances
D:13:     layout_roguey, serial_shops, nicolae_shop_statue_plus,
          xom_confusion_cloud
D:14:     layout_basic, skrybe_vaults_entry_preservation, roderic_roman_lattice
D:15:     grunt_enter_depths_hoard, layout_basic, chequers_decorated_corner
Temple:   nicolae_temple_great_sept
Lair:1:   layout_cave_pods, cheibrodos_lair_reptile_den
Lair:2:   layout_roguey, roderic_batcave, nzn_random_ring, lemuel_fruit_fields,
          grunt_megastairs_4, serial_bayou_shore_b
Lair:3:   layout_hall_layers, ebering_ghost_inner_flame
Lair:4:   layout_hall_layers, minmay_shoals_entry_beasts, spider_nest_entry_a,
          basic_altar, uniq_sonja
Lair:5:   layout_long_grid, patterned_corridor, uniq_josephine
Lair:6:   grunt_lair_end_beastmaster, layout_regular_city,
          nicolae_slime_entry_slimehenge, kennysheep_basilisk_garden
Shoals:1: layout_shoals, hangedman_shoal_volcano, uniq_donald
Shoals:2: layout_shoals, uniq_polyphemus, uniq_louise, uniq_ilsuiw
Shoals:3: layout_shoals, serial_shops, shop_statue
Shoals:4: shoals_end_simple, layout_shoals, shoals_ilsuiw_ice, serial_shops,
          shop, shop, nicolae_shop_statue_plus, nicolae_shop_trees,
          shop_fountains, nicolae_shoals_circle_sea_wall, lemuel_altar_in_water2
Spider:1: nicolae_spider_mines_2
Spider:2: layout_chambers
Spider:3: layout_chambers, uniq_arachne, uniq_mara, uniq_kirke
Spider:4: grunt_spider_rune_island
Slime:1:  nicolae_slime_pool, layout_caves, nicolae_slime_phagocytosis
Slime:2:  layout_caves
Orc:1:    layout_caves, bh_open_orc_temple, uniq_snorg, uniq_jorgrun
Orc:2:    st_orc_rangers, layout_diamond_mine, serial_shops,
          nicolae_shop_temple_entry_statues_fountains, gauntlet_entry_generic,
          uniq_erolcha, uniq_nessos
Vaults:1: ontoclasm_vaults_twist, vaults_mumra_lcd, v_misc_13,
          nicolae_vaults_specimen_jars, v_misc_9, v_alt_pattern_3,
          grunt_vaults_trifunnel, nicolae_vaults_border_crossing,
          v_alt_pattern_2, grunt_vaults_twisty, layout_vaults_omnigrid
Vaults:2: nicolae_vaults_fighting_squares, dpeg_vaults_monster_box,
          vaults_room_semicircle, grunt_vaults_hallway_long,
          nicolae_vaults_little_squares_2, hangedman_vaults_river_flow,
          grunt_vaults_hallway_long, nicolae_vaults_little_squares_1,
          vaults_dpeg_encased_lava, v_misc_18, layout_vaults_omnicross,
          serial_shops, nicolae_shop_waterfront, shop, shop,
          nicolae_shop_behind_doors
Vaults:3: v_misc_28, v_pattern_2, v_misc_27, v_misc_16,
          minmay_crypt_entry_simple_statues, hangedman_vaults_capsules,
          vaults_dpeg_ring, v_misc_1, v_misc_28, st_more_cells,
          layout_vaults_maze_bifur, mu_enter_wizlab_3, uniq_margery,
          uniq_frederick
Vaults:4: v_rooms_3, nicolae_vaults_triangles, nicolae_vaults_circle_grid_b,
          vaults_room_fancy_cross, nicolae_vaults_asterisk,
          hangedman_vaults_unwind, v_misc_5, v_misc_9, hangedman_vaults_corner,
          kb_rosetta, nicolae_vaults_little_squares_6, layout_vaults_omnibox,
          serial_shops, shop, nicolae_shop_behind_doors, shop, shop, shop,
          uniq_xtahua, uniq_jory
Vaults:5: serial_shops, uniq_boris

Skill      XL: |  1  2  3  4  5  6  7  8  9 10 11 12 13 14 15 16 17 18 19 20 21 |
---------------+----------------------------------------------------------------+-----
Long Blades    | 3 4 5 6 7 8 |  8.1
Maces & Flails | 4 8 11 14 18 | 18.7
Shields        | 5 12 15 | 15.0
Armour         | 11 12 15 18 | 18.8
Fighting       | 9 13 15 18 20 24 26 | 26.7
Dodging        | 8 13 14 15 | 15.7
Crossbows      | 7 10 | 10.0

Action                   |  1- 3 |  4- 6 |  7- 9 | 10-12 | 13-15 | 16-18 | 19-21 || total
-------------------------+-------+-------+-------+-------+-------+-------+-------++-------
Melee: Long sword        |    88 |    94 |       |       |       |       |       ||   182
       Headbutt          |    18 |    30 |    57 |    69 |   333 |   506 |   467 ||  1480
       Mace              |       |    14 |   185 |   264 |   907 |  1368 |  1186 ||  3924
       Unarmed           |       |       |       |       |     6 |       |       ||     6
 Fire: Hand crossbow     |       |       |       |       |       |    80 |    32 ||   112
Invok: Sacrifice Health  |       |       |     1 |       |       |       |       ||     1
       Sacrifice Arcana  |       |       |     1 |       |       |       |       ||     1
       Sacrifice an Eye  |       |       |       |     1 |       |       |       ||     1
       Sacrifice Purity  |       |       |       |       |     2 |       |       ||     2
       Sacrifice Artific |       |       |       |       |     1 |       |       ||     1
       Draw Out Power    |       |       |       |       |       |     2 |       ||     2
       Apocalypse        |       |       |       |       |       |     8 |    13 ||    21
       Power Leap        |       |       |       |       |       |     3 |     3 ||     6
  Use: Scroll            |     9 |     3 |     9 |     7 |     8 |    13 |     5 ||    54
       Potion            |       |     1 |     1 |     4 |     6 |     3 |     2 ||    17
 Stab: Distracted        |       |       |       |     4 |    10 |     9 |     5 ||    28
       Petrifying        |       |       |       |       |     2 |       |       ||     2
       Invisible         |       |       |       |       |    10 |     6 |     6 ||    22
       Paralysed         |       |       |       |       |       |    17 |    13 ||    30
       Confused          |       |       |       |       |       |     1 |       ||     1
Armor: Plate armour      |    80 |    81 |    70 |    96 |   251 |   526 |   445 ||  1549
       Scale mail        |     2 |       |       |       |       |       |       ||     2
       Skin              |       |       |       |       |    56 |       |       ||    56
Dodge: Dodged            |    20 |    47 |    18 |    39 |   309 |   723 |   527 ||  1683
Block: Kite shield       |    60 |    81 |    94 |   221 |   588 |       |       ||  1044
       Buckler           |       |       |       |       |    12 |   490 |   350 ||   852
       Rpst.: Long sword |     6 |     8 |       |       |       |       |       ||    14
